[Event "*** MasterClass Titled Tuesday Blitz"]
[Site "Chess.com"]
[Date "2017.10.03"]
[Round "9"]
[White "Margency"]
[Black "nutibara"]
[Result "1-0"]
[WhiteElo "2519"]
[BlackElo "2285"]
[TimeControl "180+2"]
[EndTime "15:03:28 PDT"]
[Termination "Margency won by resignation"]

1. e4 c5 2. Nf3 Nc6 3. d4 cxd4 4. Nxd4 Nf6 5. Nc3 e6 6. Ndb5 d6 7. Bf4 e5 8. Bg5 a6 9. Na3 b5 10. Nd5 Be7 11. Bxf6 Bxf6 12. c4 Bb7 13. Nc2 Ne7 14.
Be2 Nxd5 15. cxd5 O-O 16. O-O Bg5 17. a4 bxa4 18. Rxa4 a5 19. Na3 Bc8 20. Bg4 Ba6 21.
Re1 Qb6 22. Qc2 Bb5 23. Nxb5 Qxb5 24. Rea1 Rab8 25. R1a2 Bd8 26. g3 Bb6 27. Kg2 g6 28. h4 f5 29. exf5 Qxd5+ 30. Bf3 Qf7 31. b4 axb4 32. Rxb4 gxf5 33. Rab2 Ba7 34. Rb7 e4 35. Rxf7 exf3+ 36. Kxf3 Rxf7 37. Rxb8+ Bxb8 38. Qc8+ Rf8 39. Qe6+ Kg7 40. h5 Bc7 41. h6+ Kh8 42. Qe7 1-0

[Event "*** MasterClass Titled Tuesday Blitz"]
[Site "Chess.com"]
[Date "2017.10.03"]
[Round "9"]
[White "timator"]
[Black "Gudmundur_Kjartansson"]
[Result "1/2-1/2"]
[WhiteElo "2414"]
[BlackElo "2312"]
[TimeControl "180+2"]
[EndTime "15:03:37 PDT"]
[Termination "Game drawn by repetition"]

1. Nf3 d5 2. g3 Nf6 3. Bg2 g6 4. O-O Bg7 5. d4 O-O 6. Ne5 c6 7. c3 Nfd7 8. f4 f6 9. Nxd7 Nxd7 10. e4 dxe4 11. Bxe4 Nb6 12. Bg2 Be6 13. Nd2 Bd5 14. Ne4 e5 15. fxe5 fxe5 16. dxe5 Bxe5 17. Bh6 Rxf1+ 18. Qxf1 Qe7 19. Bg5 Qe6 20. Nf6+ Bxf6 21. Qxf6 Qxf6 22. Bxf6 Bxg2 23. Kxg2 Re8 24. Kh3 Re2 25.
b3 Nd7 26. Bd4 c5 27. Bg1 b6 28. b4 cxb4 29. cxb4 Ne5 30. a4 h5 31. a5 g5 32. axb6 axb6 33. g4 h4 34. Bxb6 Nd3 35.
Bc7 Kf7 36. Rf1+ Ke6 37. b5 Kd7 38. b6 Nf2+ 39. Kg2 Nd3+ 40. Kh3 Nf2+ 41. Kg2 Nd3+ 42.
Kh3 Nf2+ 43. Kg2 Nd3+ 1/2-1/2

[Event "*** MasterClass Titled Tuesday Blitz"]
[Site "Chess.com"]
[Date "2017.10.03"]
[Round "9"]
[White "ka1ser64"]
[Black "saraswathii"]
[Result "0-1"]
[WhiteElo "2312"]
[BlackElo "2279"]
[TimeControl "180+2"]
[EndTime "15:03:48 PDT"]
[Termination "saraswathii won by resignation"]

1. d4 d5 2. c4 c6 3. Nf3 Nf6 4. Nc3 g6 5. Bf4 Bg7 6. e3 O-O 7. h3 Nbd7 8. Rc1 Ne4 9. Qb3 Nxc3 10. Rxc3 Nf6 11. Bd3 dxc4 12. Bxc4 b5 13. Be2 Be6 14. Qa3 Bd5 15. O-O Ne4 16. Rc2 a5 17. Rfc1 f6 18. Bd3 Qd7 19. b3 b4 20. Qa4 Nc3 21.
Rxc3 bxc3 22. Rxc3 Bxf3 23. gxf3 Qxh3 24. Qxc6 e5 25.
Bc4+ Kh8 26. Be6 Qh4 27. Bg3 Qh6 28. Qc7 exd4 29. exd4 Qd2 30. d5 h5 31. Kg2 a4 32. b4 a3 33. b5 Qxa2 34. Bd6 Rfd8 35. b6 Qb2 36. b7 Rab8 37. Bc8 a2 38. Rc2 Qxc2 39. Qxc2 a1=Q 40. Bxb8 Rxd5 41. Bg3 Rd1 42. b8=Q Rg1+ 43. Kh2 Rh1+ 0-1

[Event "*** MasterClass Titled Tuesday Blitz"]
[Site "Chess.com"]
[Date "2017.10.03"]
[Round "9"]
[White "eldur16"]
[Black "BogdanDeac"]
[Result "1-0"]
[WhiteElo "2502"]
[BlackElo "2610"]
[TimeControl "180+2"]
[EndTime "15:03:49 PDT"]
[Termination "eldur16 won on time"]

1. c4 e5 2. Nc3 Nf6 3. g3 Bb4 4. Bg2 O-O 5. e4 Bxc3 6. bxc3 Re8 7. Ne2 c6 8. O-O d5 9. exd5 cxd5 10. d4 exd4 11.
Nxd4 dxc4 12. Rb1 Na6 13. Bf4 Nc5 14. Nb5 Bf5 15. Nc7 Bxb1 16. Qxb1 Nd3 17. Nxe8 Nxe8 18.
Qxb7 Rc8 19. Be3 Nd6 20. Qd5 a6 21. a4 Rb8 22. Bd4 h6 23. Qc6 a5 24. Bh3 Rb2 25.
Qd5 Qc7 26. Bf5 Nxf5 27. Qxf5 f6 28. h4 Rb8 29. Qd5+ Kh8 30. h5 Rb2 31. Qf5 Rb8 32. Qe6 Rb2 33. Qe8+ Kh7 34. Qg6+ Kh8 35. Qf5 Qc6 36. Qxa5 Ra2 37. Qb5 Qf3 38. Qe8+ Kh7 39.
Qg6+ Kh8 40. Rb1 1-0

[Event "*** MasterClass Titled Tuesday Blitz"]
[Site "Chess.com"]
[Date "2017.10.03"]
[Round "9"]
[White "Lawliet64"]
[Black "TryingToGetBetter94"]
[Result "0-1"]
[WhiteElo "2051"]
[BlackElo "2290"]
[TimeControl "180+2"]
[EndTime "15:03:50 PDT"]
[Termination "TryingToGetBetter94 won by resignation"]

1. e4 e5 2. Nc3 Nc6 3. Bc4 Nf6 4. d3 Bc5 5. Bg5 h6 6. Bh4 g5 7. Bg3 d6 8. Bb3 Nd4 9. Qd2 a5 10. Nf3 Nxf3+ 11. gxf3 Bh3 12. Rg1 c6 13. a4 Nh5 14.
O-O-O Bb4 15. d4 Nxg3 16. hxg3 Be6 17. Bxe6 fxe6 18. dxe5 dxe5 19. Qe3 Qe7 20. f4 Qc5 21. Qf3 Bxc3 22. bxc3 Ke7 23. fxg5 Raf8 24. Qd3 Rd8 25.
Qe3 Qxe3+ 26. fxe3 hxg5 27. Rxd8 Rxd8 28. Rh1 b5 29. Rh7+ Kd6 30. Ra7 bxa4 31. Rxa5 Rf8 32. Rxa4 Rf3 33. Kd2 Rxg3 34. Ra8 Rg2+ 35. Kd3 g4 36.
Rg8 g3 37. Rg4 Ke7 38. Rg7+ Kf6 39. Rg8 c5 40. c4 Kf7 41. Rg5 Kf6 42. Rg8 Rg1 43. Rg4 g2 44. Rg3 Rd1+ 45. Ke2 g1=Q 0-1

[Event "*** MasterClass Titled Tuesday Blitz"]
[Site "Chess.com"]
[Date "2017.10.03"]
[Round "9"]
[White "Msb2"]
[Black "MisaPap"]
[Result "0-1"]
[WhiteElo "2617"]
[BlackElo "2576"]
[TimeControl "180+2"]
[EndTime "15:03:52 PDT"]
[Termination "MisaPap won by resignation"]

1. d4 Nf6 2. c4 c5 3. d5 b5 4. cxb5 a6 5. bxa6 Bxa6 6. Nc3 d6 7. e4 Bxf1 8. Kxf1 g6 9. g3 Bg7 10. Kg2 O-O 11. Nf3 Nbd7 12. a4 Ra6 13. Qc2 Qa8 14.
Re1 Rc8 15. Ra3 Ng4 16. Nb5 Nb6 17. h3 Ne5 18. Nxe5 Bxe5 19. Bg5 f6 20. Bh6 f5 21. exf5 Qxd5+ 22. Kg1 Qc4 23. Qb1 Qf7 24. Rf3 Rxa4 25. Nc3 Rb4 26. Qc2 Nd5 27. Re4 Nxc3 28. bxc3 Qb3 29.
Qxb3+ Rxb3 30. Bd2 Rf8 31. g4 Rb2 32. Bh6 Ra8 33. c4 Ra4 34. Kg2 Rbb4 35. fxg6 hxg6 36. Rf8+ Kh7 37. g5 Rxc4 38. Rf7+ Kg8 39. Rf8+ Kh7 40. Rf7+ Kg8 41. Rxc4 Rxc4 42. Rxe7 Rf4 43. Re6 Kf7 0-1

[Event "*** MasterClass Titled Tuesday Blitz"]
[Site "Chess.com"]
[Date "2017.10.03"]
[Round "9"]
[White "Zufi1811"]
[Black "bancsoo"]
[Result "0-1"]
[WhiteElo "2435"]
[BlackElo "2573"]
[TimeControl "180+2"]
[EndTime "15:03:52 PDT"]
[Termination "bancsoo won by checkmate"]

1. e4 c5 2. Nf3 Nc6 3. Bb5 g6 4. c3 Bg7 5. d4 Qb6 6. Ba4 cxd4 7. cxd4 Nxd4 8. Nc3 Nc6 9. O-O Qd8 10. Bb3 d6 11. Ng5 Nh6 12. h3 O-O 13. Be3 Kh8 14. Qd2 Na5 15.
f4 Nxb3 16. axb3 f6 17. Nf3 Nf7 18. Bxa7 Bd7 19. Be3 Bc6 20. Nd4 Qd7 21. Nd5 Rxa1 22. Rxa1 e6 23. Nb6 Qe7 24. Nxc6 bxc6 25. Qc2 c5 26. Qd3 Qb7 27. Nc4 d5 28. Na5 Qc7 29.
exd5 Rd8 30. Nc6 Rxd5 31. Ra8+ Bf8 32. Qb5 Kg7 33. Ra7 Qc8 34. Qb6 Rd6 35. Rc7 Qa8 36. Bxc5 Rd1+ 37. Kh2 Qa1 38. Bxf8+ Kxf8 39. Qb8+ Kg7 40.
Qb7 Rh1+ 41. Kg3 Qe1+ 42. Kg4 h5+ 43. Kf3 Rf1# 0-1

[Event "*** MasterClass Titled Tuesday Blitz"]
[Site "Chess.com"]
[Date "2017.10.03"]
[Round "9"]
[White "VojtechPlat"]
[Black "SCIM"]
[Result "0-1"]
[WhiteElo "2658"]
[BlackElo "2457"]
[TimeControl "180+2"]
[EndTime "15:04:00 PDT"]
[Termination "SCIM won by resignation"]

1. e4 e5 2. Nf3 Nc6 3. Bb5 g6 4. c3 d6 5. d4 Bd7 6. O-O Bg7 7. Nbd2 a6 8. Bxc6 Bxc6 9. dxe5 dxe5 10. Nc4 Bxe4 11.
Ncxe5 Qxd1 12. Rxd1 Nf6 13. Bg5 h6 14. Bxf6 Bxf6 15.
Re1 Bxf3 16. Nxg6+ Kd7 17. Nxh8 Rg8 18. Rad1+ Kc6 19. Rd3 Bxg2 20. Rg3 Rxg3 21. hxg3 Bd5 22. Re8 Bxa2 23. Rb8 Kd7 24. Kg2 b5 25. Kf3 Be6 26. Ke4 a5 27. f4 b4 28. Kd3 bxc3 29. bxc3 a4 30. g4 a3 31. f5 Bd5 32. Nxf7 Bxf7 33. Ra8 a2 34. Kc2 Bd5 35. Ra6 c6 36. Kb2 Kd6 37. Ra8 Ke5 38. Rf8 Bc4 39. Rc8 Bd5 40. Rf8 Bg5 41. Rc8 Kf4 42. Rf8 Kxg4 43. f6 Kf5 44. f7 Kf6 45. c4 Bxc4 46. Rb8 Kxf7 0-1

[Event "*** MasterClass Titled Tuesday Blitz"]
[Site "Chess.com"]
[Date "2017.10.03"]
[Round "9"]
[White "evgenysharapov"]
[Black "lukas_111111"]
[Result "0-1"]
[WhiteElo "2271"]
[BlackElo "2382"]
[TimeControl "180+2"]
[EndTime "15:04:01 PDT"]
[Termination "lukas_111111 won by resignation"]

1. e4 e6 2. d4 d5 3. Nc3 Bb4 4. e5 Ne7 5. a3 Bxc3+ 6. bxc3 c5 7. Nf3 Bd7 8. a4 Qc7 9. Be2 Nbc6 10. O-O O-O 11. Ba3 b6 12. dxc5 Rfe8 13. cxb6 axb6 14. Bd6 Qb7 15. Bd3 Ng6 16. Qb1 Na5 17. Qb4 Nc6 18. Qb2 Na5 19. Rfb1 Nc4 20. Qb4 Nf4 21. Bxc4 dxc4 22.
Qxc4 Nh3+ 23. Kf1 Rec8 24. Qd3 Nf4 25. Qe3 Nd5 26. Qd2 Nxc3 27. Rb3 Qa6+ 28. Qd3 Bb5 29. Rxb5 Nxb5 30. Bb4 Nc3 31. Qxa6 Rxa6 32. a5 bxa5 33. Rxa5 Rxa5 34. Bxa5 Nd5 35. Nd4 Rc4 36. Nf3 Rxc2 37. Bd2 h6 38. g3 Kh7 39. Ke2 Ra2 40. Kd3 Ra3+ 41. Ke4 Nc3+ 42. Kd3 Nb1+ 43. Ke4 Rxf3 0-1

[Event "*** MasterClass Titled Tuesday Blitz"]
[Site "Chess.com"]
[Date "2017.10.03"]
[Round "9"]
[White "ArnaudovP"]
[Black "Konavets"]
[Result "0-1"]
[WhiteElo "2496"]
[BlackElo "2790"]
[TimeControl "180+2"]
[EndTime "15:04:04 PDT"]
[Termination "Konavets won by resignation"]

1. Nf3 b6 2. e4 Bb7 3. Nc3 e6 4. d4 Bb4 5. Bd3 Nf6 6. e5 Ne4 7. O-O Nxc3 8. bxc3 Bxc3 9. Rb1 Nc6 10. Be4 d5 11.
exd6 Qxd6 12. Qd3 Bb4 13. Qb5 a5 14. Ne5 O-O 15. Bxc6 Ba6 16. Qa4 Bxf1 17. Bxa8 Rxa8 18. Kxf1 Qxd4 19. Nd3 Qg4 20. Bd2 Rf8 21. Bxb4 c5 22.
a3 axb4 23. axb4 h5 24. Qc6 Qc4 25. Rc1 Rd8 26. Qf3 cxb4 27. Qe2 b3 28. Ne1 b2 29. Rb1 Qa2 30. Rxb2 Qxb2 31. Qxh5 Qd4 32. h3 Qc4+ 33. Kg1 Rd2 34. Nf3 Rd1+ 35. Kh2 Qf4+ 36. g3 Qf5 37.
Qxf5 exf5 38. Kg2 g6 39. g4 fxg4 40. hxg4 Kg7 41. Kg3 Kf6 42. Kf4 Ke6 43. g5 Kd5 44.
Ke3 Ra1 45. Kd3 Ra3+ 46. c3 b5 47. Nd4 b4 48. Nb5 Ra5 49. c4+ Kc5 50. Nc7 Ra3+ 51. Ke4 Kxc4 0-1

[Event "*** MasterClass Titled Tuesday Blitz"]
[Site "Chess.com"]
[Date "2017.10.03"]
[Round "9"]
[White "Dhaydon19"]
[Black "Angry_Serb"]
[Result "0-1"]
[WhiteElo "2454"]
[BlackElo "2403"]
[TimeControl "180+2"]
[EndTime "15:04:08 PDT"]
[Termination "Angry_Serb won on time"]

1. e4 e5 2. Nf3 d6 3. Bc4 Be7 4. O-O Nf6 5. Nc3 O-O 6. h3 c6 7. d4 exd4 8. Qxd4 Nbd7 9. a4 a5 10. Bf4 Qc7 11. Rfd1 Ne5 12. Nxe5 dxe5 13. Bxe5 Qd8 14.
Qe3 Nd7 15. Qg3 Bf6 16. Bc7 Qe8 17. Bd6 Be5 18. Bxe5 Nxe5 19. Bb3 Qe7 20. f4 Qc5+ 21. Kh2 Nc4 22. Bxc4 Qxc4 23. f5 b5 24. axb5 cxb5 25. Nd5 Qxc2 26. f6 g6 27. Qf4 Kh8 28. Qh6 Rg8 29. Ne7 Be6 30. Nxg8 Rxg8 31. Rd8 Qc7+ 32. e5 Qxd8 33. Rf1 Qd4 34. Qg5 Bd5 35. Rf4 Qd2 36. e6 Bxe6 37. Qh6 g5 38. Rh4 Qd3 39. Rh5 Qg6 40.
Qxg6 Rxg6 41. h4 gxh4 42. Rxh4 Rxf6 43. Rf4 Rxf4 0-1

[Event "*** MasterClass Titled Tuesday Blitz"]
[Site "Chess.com"]
[Date "2017.10.03"]
[Round "9"]
[White "Induwara_IM"]
[Black "XeresLt"]
[Result "1-0"]
[WhiteElo "2454"]
[BlackElo "2275"]
[TimeControl "180+2"]
[EndTime "15:04:26 PDT"]
[Termination "Induwara_IM won by resignation"]

1. d4 Nf6 2. c4 g6 3. Nc3 Bg7 4. e4 O-O 5. Be2 d6 6. Bg5 c5 7. d5 h6 8. Be3 a6 9. Qd2 Kh7 10. a4 Re8 11. h3 e6 12. Nf3 exd5 13. exd5 Ne4 14. Nxe4 Rxe4 15. O-O Nd7 16. Bd3 Re8 17. Rfe1 Ne5 18. Nxe5 Rxe5 19. Bf4 Rxe1+ 20. Rxe1 b6 21. Qe2 Qf6 22. Bg3 Bd7 23. b3 Re8 24. Qd1 Rxe1+ 25. Qxe1 Kg8 26. Qe3 a5 27. Bf4 g5 28.
Bg3 Kf8 29. Kh2 Qe7 30. Qf3 Be5 31. Bf5 Bxg3+ 32. fxg3 Bxf5 33. Qxf5 Kg7 34. Qc8 h5 35. Qf5 h4 36. Qg4 Qe5 37. Qf3 Kg6 38. Qg4 f5 39.
Qf3 Kh6 40. Qf2 Kh5 41. Qf3+ Kh6 42. Qf2 Kh5 43. Qf3+ Kg6 44. Qd3 Kg7 45. Qf3 Kg6 46. Qd3 Qe4 47. Qxe4 fxe4 48. gxh4 e3 49. Kg3 gxh4+ 50.
Kf3 Kf5 51. Kxe3 Ke5 52. Kf3 Kd4 53. g4 hxg3 54. h4 Kc3 55. h5 Kxb3 56. h6 Kxa4 57. h7 Kb3 58. h8=Q Kxc4 59. Qb8 b5 60. Qxd6 a4 61. Qe6 Kc3 62. d6 a3 63. d7 a2 64.
Qxa2 1-0

[Event "*** MasterClass Titled Tuesday Blitz"]
[Site "Chess.com"]
[Date "2017.10.03"]
[Round "9"]
[White "PowerThinking2650"]
[Black "guilhermedeola"]
[Result "0-1"]
[WhiteElo "2143"]
[BlackElo "2088"]
[TimeControl "180+2"]
[EndTime "15:04:27 PDT"]
[Termination "guilhermedeola won on time"]

1. e4 c5 2. Nf3 e6 3. d4 cxd4 4.
Nxd4 Nc6 5. Nc3 Qc7 6. Be3 a6 7.
Qd2 Nf6 8. f3 b5 9. O-O-O Bb7 10. g4 Bb4 11. g5 Nh5 12. a3 Be7 13. Bh3 b4 14. axb4 Bxb4 15. Bg4 g6 16. Bxh5 gxh5 17. Nxc6 Bxc6 18. Qd4 Qa5 19. Qxh8+ Ke7 20. Qf6+ Ke8 21. g6 hxg6 22. Bg5 Bb5 23. Qh8+ Bf8 24. Kb1 Bc4 25.
Rxd7 Kxd7 26. Rd1+ Kc7 27. Qd4 Qxg5 28. Qxc4+ Qc5 29.
Qa4 Bd6 30. e5 Qxe5 31. Ne4 Rb8 32. c3 Qb5 33. Qxb5 axb5 34. Nxd6 Kc6 35. Nxf7 Rf8 36. Ne5+ Kc7 37. Kc2 Rf5 38. Re1 Rg5 39. Re2 h4 40. b4 h3 41. Ng4 Rf5 42. Rxe6 Rxf3 43. Rxg6 Rf1 44. Ne5 Rf2+ 45. Kd3 Rxh2 46. Kd4 Rd2+ 47. Kc5 Re2 0-1

[Event "*** MasterClass Titled Tuesday Blitz"]
[Site "Chess.com"]
[Date "2017.10.03"]
[Round "9"]
[White "Blitzstream"]
[Black "SabinaFoisor"]
[Result "0-1"]
[WhiteElo "2477"]
[BlackElo "2347"]
[TimeControl "180+2"]
[EndTime "15:04:32 PDT"]
[Termination "SabinaFoisor won by resignation"]

1. g4 d5 2. Bg2 Bxg4 3. c4 c6 4. Qb3 Qb6 5. Qxb6 axb6 6. cxd5 Nf6 7. Nc3 e6 8. h3 Bh5 9. dxe6 fxe6 10. d3 Nbd7 11.
Nf3 Bb4 12. O-O O-O 13. Be3 Bxc3 14. bxc3 Nd5 15. Bd2 b5 16. Nd4 Rf6 17. e3 Nc5 18. c4 bxc4 19. dxc4 Nb6 20. Nb3 Nd3 21. Be4 Bg6 22.
Bxg6 Rxg6+ 23. Kh2 Nxc4 24. Bc3 e5 25. Nc1 Nc5 26. Ne2 b5 27. Ng3 Rd6 28. Rg1 Rd3 29. Bb4 Na6 30. Be7 Ra7 31. Bh4 Rf7 32. Ne4 Nd2 33.
Nxd2 Rxd2 34. Rac1 c5 35. Rgd1 Rfd7 36. Rxd2 Rxd2 37.
Kg3 Rxa2 38. Rd1 h6 39. Kg4 Ra4+ 40. Kh5 Kf7 41. Rd7+ Ke6 42. Rxg7 c4 43. Kxh6 c3 44. Bg5 c2 45. e4 Nc5 46. Rc7 Rc4 47. f3 Nd3 48.
Rxc4 bxc4 49. Bd2 c1=Q 50. Bxc1 Nxc1 0-1

[Event "*** MasterClass Titled Tuesday Blitz"]
[Site "Chess.com"]
[Date "2017.10.03"]
[Round "9"]
[White "ZapataCharlesS"]
[Black "Superfelix"]
[Result "1-0"]
[WhiteElo "2588"]
[BlackElo "2326"]
[TimeControl "180+2"]
[EndTime "15:04:47 PDT"]
[Termination "ZapataCharlesS won by resignation"]

1. d4 g6 2. Nf3 Bg7 3. Bf4 d6 4. e3 b6 5. Be2 Bb7 6. O-O Nd7 7. h3 Ngf6 8. c4 O-O 9. Nc3 e6 10.
Rc1 a6 11. b4 a5 12. a3 axb4 13. axb4 Ne4 14. Nb5 e5 15. Bh2 c6 16. Nc3 Nxc3 17. Rxc3 Qe7 18. c5 bxc5 19. bxc5 dxc5 20. dxe5 Nxe5 21.
Nxe5 Bxe5 22. Bxe5 Qxe5 23. Qc2 Ra2 24. Qxa2 Qxc3 25.
Bf3 Bc8 26. Qa1 Qxa1 27. Rxa1 Be6 28. Rc1 c4 29. Be2 Rc8 30. Bxc4 Bxc4 31. Rxc4 f5 32. g4 fxg4 33. hxg4 Kf7 34. f4 Ke6 35. Kf2 c5 36.
e4 g5 37. f5+ Ke5 38. Ke3 Rc6 39. Rc1 c4 40. Ra1 c3 41. Ra5+ Kd6 42. e5+ Kc7 43. Ra1 c2 44. Kd2 Rc4 45. f6 Kd7 46.
Ra7+ Ke6 47. Re7+ Kd5 48. Kc1 Rxg4 49. f7 Rf4 50. e6 g4 51. Re8 h5 52. e7 Rf1+ 53.
Kxc2 Rf2+ 54. Kd1 Rf1+ 55. Ke2 Rxf7 56. Rd8+ 1-0

[Event "*** MasterClass Titled Tuesday Blitz"]
[Site "Chess.com"]
[Date "2017.10.03"]
[Round "9"]
[White "IMVoja"]
[Black "plouarzel"]
[Result "1-0"]
[WhiteElo "2419"]
[BlackElo "2462"]
[TimeControl "180+2"]
[EndTime "15:04:47 PDT"]
[Termination "IMVoja won by checkmate"]

1. Nf3 d6 2. d4 g6 3. Bf4 Bg7 4.
e3 Nf6 5. h3 O-O 6. Bc4 c5 7. c3 cxd4 8. exd4 Nc6 9. O-O Bd7 10.
Re1 Rc8 11. Nbd2 a6 12. a4 Na5 13. Ba2 b5 14. axb5 axb5 15. Qe2 Re8 16. Ng5 d5 17. Ndf3 h6 18. Nxf7 Kxf7 19. Ne5+ Kg8 20. Nxg6 Bf5 21. Ne5 Nc4 22. Bb1 Bxb1 23. Rexb1 Ne4 24. Nxc4 bxc4 25. f3 Nf6 26. Qe6+ Kh8 27. Ra7 Ra8 28. Rba1 Rxa7 29. Rxa7 Qc8 30. Qf7 Ng8 31. Rc7 Qa8 32. Qh5 Rf8 33. Be5 Bxe5 34. Qxe5+ Kh7 35. Qe2 Rf7 36. Rd7 Qc6 37. Rd8 Qf6 38. Qc2+ Kg7 39. Qe2 Qf4 40.
Rxd5 Nf6 41. Re5 Kf8 42. Qe3 Qg3 43. Qf2 Qg6 44. Qe2 h5 45. Qxc4 h4 46. Qc8+ Kg7 47. Qe6 Qb1+ 48. Kh2 Qxb2 49. Re3 Qb8+ 50. Qe5 Qb7 51.
Qg5+ Kf8 52. Qxh4 Qc7+ 53. Qg3 Qc4 54. Qe5 Nd5 55. Qh8# 1-0

[Event "*** MasterClass Titled Tuesday Blitz"]
[Site "Chess.com"]
[Date "2017.10.03"]
[Round "9"]
[White "chessking2151"]
[Black "HanSchut"]
[Result "1-0"]
[WhiteElo "2393"]
[BlackElo "2231"]
[TimeControl "180+2"]
[EndTime "15:04:54 PDT"]
[Termination "chessking2151 won by resignation"]

1. e4 c5 2. Nf3 d6 3. d4 cxd4 4. Nxd4 Nf6 5. Nc3 a6 6. Be3 e5 7. Nb3 Be6 8. f3 Be7 9. Qd2 O-O 10. O-O-O Nbd7 11. g4 b5 12. g5 b4 13. gxf6 bxc3 14. Qxc3 Nxf6 15. Na5 Qd7 16. Nc6 Rfc8 17. Nxe7+ Qxe7 18.
Qa5 Qb7 19. Kb1 d5 20. Bg5 dxe4 21. Bxf6 gxf6 22. fxe4 Rab8 23. b3 Qxe4 24. Bd3 Qb4 25. Rhg1+ Kh8 26. Qxb4 Rxb4 27. Rdf1 e4 28. Bxa6 Rg8 29.
Rxg8+ Kxg8 30. Re1 f5 31. a4 Kg7 32. Bb5 Kf6 33. Kb2 Rd4 34. Kc3 Rd8 35. a5 Rd5 36.
Kb4 Ke5 37. a6 Rd4+ 38. c4 f4 39. a7 Bd5 40. Kc5 Ba8 41. Bc6 Bxc6 42. Kxc6 Rd8 43. b4 f3 44. b5 f2 45. Ra1 e3 46. Kc7 Re8 47. b6 e2 48. b7 e1=Q 49. Rxe1+ fxe1=Q 50. b8=Q Qa5+ 51. Kd7+ Kf6 52. Kxe8 Qa4+ 53. Kd8 Qxc4 54.
Qd6+ Kg7 55. a8=Q Qh4+ 56. Kc7 Qc4+ 57. Qac6 1-0

[Event "*** MasterClass Titled Tuesday Blitz"]
[Site "Chess.com"]
[Date "2017.10.03"]
[Round "9"]
[White "WanderingPuppet"]
[Black "chess2matters"]
[Result "1/2-1/2"]
[WhiteElo "2324"]
[BlackElo "2342"]
[TimeControl "180+2"]
[EndTime "15:04:59 PDT"]
[Termination "Game drawn by stalemate"]

1. e4 e5 2. Nf3 Nc6 3. Bb5 a6 4. Ba4 Nf6 5. O-O Be7 6. Re1 b5 7. Bb3 d6 8. a4 Bg4 9. c3 O-O 10. h3 Bxf3 11. Qxf3 Na5 12. Bc2 b4 13. d3 Rb8 14.
Nd2 c5 15. Nf1 bxc3 16. bxc3 Nb3 17. Rb1 Nxc1 18. Rexc1 Qa5 19. Ne3 g6 20. Bb3 Kg7 21. Nc4 Qc7 22. a5 Rb5 23. Ba4 Rxb1 24. Rxb1 Rb8 25.
Rb6 Rxb6 26. axb6 Qb8 27. Bc6 Bd8 28. b7 Qc7 29. Qd1 Qb8 30. Qb1 Bc7 31. Qa2 a5 32. Qa4 Qa7 33. Nxa5 Bxa5 34. Qxa5 Qxa5 35. b8=Q Qa1+ 36.
Kh2 Qxc3 37. Qxd6 Qd4 38. Qxd4 cxd4 39. g3 Kf8 40. f4 exf4 41. gxf4 Nh5 42. f5 f6 43. fxg6 hxg6 44. Bb5 Ke7 45. Kg2 Kd6 46. Kf3 Ke5 47. Be8 Nf4 48. h4 f5 49. exf5 Kxf5 50.
Bb5 Ke5 51. Bc4 Kf5 52. Bb5 Ke5 53. Kg4 Ng2 54. Kg5 Kd6 55. Be8 Ke7 56. Bxg6 Kf8 57. Be4 Ne1 58. h5 Kg7 59. h6+ Kh8 60. Kf6 Nxd3 61.
Bxd3 Kg8 62. Ke5 Kh8 63. Kxd4 Kg8 64. Ke5 Kh8 65. Kf6 Kg8 66. Kg6 Kh8 67. Bc4 1/2-1/2

[Event "*** MasterClass Titled Tuesday Blitz"]
[Site "Chess.com"]
[Date "2017.10.03"]
[Round "9"]
[White "petrpalachev"]
[Black "Tarlev_Konstantin"]
[Result "1/2-1/2"]
[WhiteElo "2600"]
[BlackElo "2614"]
[TimeControl "180+2"]
[EndTime "15:05:03 PDT"]
[Termination "Game drawn by repetition"]

1. Nf3 Nf6 2. g3 b5 3. Bg2 Bb7 4. O-O e6 5. d4 d5 6. Bg5 Nbd7 7. c3 c5 8. a4 b4 9. a5 Be7 10. cxb4 cxb4 11. Nbd2 Ba6 12. Re1 O-O 13. Qa4 Qb8 14. e4 h6 15. Bf4 Qb7 16. e5 Ne8 17. Bf1 Bxf1 18. Nxf1 a6 19. h4 Rd8 20. g4 Nc7 21. g5 h5 22. Rac1 Nb5 23. Bd2 Rc8 24. Ne3 Rxc1 25.
Rxc1 Na7 26. Kg2 Rc8 27. Rxc8+ Nxc8 28. Nc2 b3 29. Na1 Na7 30. Nxb3 Nf8 31. Bc3 Nb5 32.
Bb4 Ng6 33. Bxe7 Nxe7 34. Nc5 Qc8 35. Qd1 Nf5 36. Qd3 Qc6 37. b4 Qc8 38. Qd2 Qc6 39. Qf4 g6 40. Qd2 Kg7 41. Kh3 Na3 42. Qd3 Nc4 43.
Nd2 Qb5 44. Nxc4 dxc4 45. Qc3 Ne7 46. Ne4 Nd5 47. Qd2 Nxb4 48. Nc3 Qxa5 49. Qf4 Qa3 50. Qf6+ Kg8 51. Qd8+ Kh7 52. Qf6 Qxc3+ 53. f3 Kg8 54. Qd8+ Kg7 55. Qf6+ Kg8 56. Qd8+ Kg7 57. Qf6+ Kg8 58.
Qd8+ Kg7 59. Qf6+ Kg8 60. Qd8+ Kg7 61. Qf6+ 1/2-1/2

[Event "*** MasterClass Titled Tuesday Blitz"]
[Site "Chess.com"]
[Date "2017.10.03"]
[Round "9"]
[White "Diwi89"]
[Black "RaphaeI"]
[Result "1/2-1/2"]
[WhiteElo "2530"]
[BlackElo "2442"]
[TimeControl "180+2"]
[EndTime "15:05:05 PDT"]
[Termination "Game drawn - insufficient material"]

1. e4 c5 2. Nf3 Nc6 3. c3 Nf6 4. e5 Nd5 5. Bc4 Nb6 6. Bb3 d5 7. exd6 Qxd6 8. O-O Be6 9. Na3 Bxb3 10. axb3 Qd3 11. Ne1 Qd7 12. Nf3 e6 13. d4 cxd4 14. Nb5 Be7 15. Nbxd4 Bf6 16. Nxc6 Qxc6 17. Nd4 Qd7 18. Be3 Nd5 19. Bc1 O-O 20. Qg4 a6 21. Re1 Rad8 22. Bg5 Bxg5 23. Qxg5 f6 24. Qg4 e5 25. Nf5 g6 26. Nh6+ Kg7 27. Qxd7+ Rxd7 28. Ng4 h5 29. Ne3 Nxe3 30. Rxe3 Rd2 31. Rb1 Rfd8 32.
Kf1 Rc2 33. Re2 Rdd2 34. Rxd2 Rxd2 35. b4 Kf7 36. Ke1 Rc2 37. Rd1 Ke6 38. Rd8 Rxb2 39. Rb8 Rb1+ 40. Ke2 Rb2+ 41. Ke3 b5 42. Rb6+ Kd5 43.
Rxa6 f5 44. g3 g5 45. Rh6 f4+ 46. gxf4 gxf4+ 47. Kf3 Rc2 48. Rxh5 Rxc3+ 49. Kg4 Rb3 50. Rh8 Rxb4 51. h4 Rb1 52. h5 Rh1 53. Kf5 b4 54. h6 Kc6 55. Rb8 Rxh6 56. Kxe5 Rh2 57.
f3 Kc5 58. Kxf4 Kc4 59. Ke5 Re2+ 60. Kf5 b3 61. f4 b2 62. Kf6 Kc3 63. f5 Rd2 64.
Kf7 Rd7+ 65. Ke6 Rd4 66. f6 Re4+ 67. Kd5 Rf4 68. Ke5 Rxf6 69. Kxf6 Kc2 70. Ke5 b1=Q 71. Rxb1 Kxb1 1/2-1/2

[Event "*** MasterClass Titled Tuesday Blitz"]
[Site "Chess.com"]
[Date "2017.10.03"]
[Round "9"]
[White "toad"]
[Black "Semetey"]
[Result "0-1"]
[WhiteElo "2126"]
[BlackElo "2388"]
[TimeControl "180+2"]
[EndTime "15:05:06 PDT"]
[Termination "Semetey won by resignation"]

1. d4 Nf6 2. c4 d6 3. g3 g6 4. Bg2 c6 5. Nf3 Bg7 6. O-O O-O 7. Nc3 Bf5 8. Re1 Ne4 9. Nxe4 Bxe4 10. b3 d5 11. Bb2 Nd7 12. Rc1 Qa5 13. a3 Rfd8 14. b4 Qa6 15. c5 Rac8 16. Qd2 b5 17. Qe3 Re8 18. Nd2 Bxg2 19. Kxg2 e5 20. dxe5 Nxe5 21. Qd4 Bf6 22. Qf4 Bg7 23. Qd4 f6 24. e4 Rcd8 25. exd5 Rxd5 26. Qc3 Qb7 27. Ne4 Rd3 28. Qc2 Red8 29.
Nd6 R8xd6 30. cxd6 c5+ 31. Kh3 Qd7+ 32. Kg2 Qc6+ 33.
Kh3 c4 34. Bxe5 fxe5 35. Qe2 Rd4 36. Rcd1 Qxd6 37. Rxd4 exd4 38. Qe8+ Bf8 39. Qxb5 c3 40. Qc4+ Kg7 41. Rd1 Kh6 42. Qxd4 Qe6+ 43. Kg2 Qc6+ 44.
Qd5 Qxd5+ 45. Rxd5 c2 46. Rd8 c1=Q 47. Rxf8 Qxa3 48. Rf7 a6 49. Rf4 Kg7 50. Re4 Qd3 51. f3 g5 52. h4 h6 53. hxg5 hxg5 54. Kf2 Kf6 55. g4 Qd2+ 56. Kf1 Qb2 57. Ke1 Qg2 58. Re8 Kf7 59. Re3 Kf8 60. Rd3 Ke7 61. Re3+ Kd6 62. Kd1 Kd5 63. Rd3+ Kc4 64. Re3 Kxb4 0-1